Blues vs Senateurs

Created - 3 octobre 2015 at 19:03

Goals
1 2 3 OT1 T
Blues 0 3 1 0 4
Senateurs 1 0 3 1 5
Shots
1 2 3 OT1 T
Blues 9 9 7 2 27
Senateurs 20 6 14 1 41

1st period

1. Senateurs , Daymond Langkow 1 (Vitaly Vishnevsky, Ondrej Pavelec) at 17:14

Penalties :
No Penalty

2nd period

2. Blues , Andrew Cogliano 1 (Mike Green, Bryce Lampman) at 4:59
3. Blues , Joe Pavelski 1 (Travis Zajac, Paul Kariya) at 11:05
4. Blues , David Perron 1 (Nicklas Backstrom, Loui Eriksson) at 11:48

Penalties :
Paul Kariya (STL) for Interference (Minor) at 14:05, Ales Kotalik (Ott) for Roughing (Minor) at 18:50

3rd period

5. Senateurs , Brenden Morrow 1 (Gilbert Brule) at 0:04 (SH)
6. Blues , Jake Gardiner 1 (Paul Kariya, Travis Zajac) at 0:24 (PP)
7. Senateurs , Todd Bertuzzi 1 (Daymond Langkow, Vladimir Mihalik) at 5:34
8. Senateurs , Todd Bertuzzi 2 (Vitaly Vishnevsky) at 14:28

Penalties :
Andrew Ebbett (Ott) for Holding (Minor) at 8:23, Bryce Lampman (STL) for Holding (Minor) at 10:47, B.J. Crombeen (Ott) for Hooking (Minor) at 18:08

Overtime #1

9. Senateurs , Daymond Langkow 2 (Andy McDonald) at 3:07

Penalties :
Paul Kariya (STL) for High sticking (Minor) at 0:27

Goalie Stats

Tuukka Rask (STL), 36 saves from 41 shots - (0,878), OTL, 0-0-1, 63:07 minutes
Ondrej Pavelec (Ott), 23 saves from 27 shots - (0,852), W, 1-0-0, 63:07 minutes

Players Stats for Blues

Player Name              G  A  P  +/- PIM S  H  SB GA TA FO     MP     PP MP  PK MP  
------------------------------------------------------------------------------------
Andrew Cogliano          1  0  1   0  0   2  1  1  0  1  1/1    14:03   0:09   2:41 
Bryce Lampman            0  1  1  -1  2   1  0  1  0  0  0/0    22:01   0:00   1:01 
David Perron             1  0  1  -1  0   2  1  0  2  0  0/0    17:26   2:22   0:13 
Drew Fata                0  0  0   1  0   0  4  0  0  1  0/0    18:52   0:00   3:25 
Jake Gardiner            1  0  1  -2  0   2  1  0  0  0  0/0    18:58   3:14   3:05 
Joe Pavelski             1  0  1   0  0   4  3  0  1  1  0/2    20:28   2:59   0:00 
Kevin Shattenkirk        0  0  0   0  0   0  1  3  0  2  0/0    23:12   2:10   2:02 
Kyle Okposo              0  0  0   0  0   0  2  0  1  0  0/0    11:02   0:00   0:00 
Lee Stempniak            0  0  0   0  0   1  0  0  0  0  0/0     7:12   0:00   0:00 
Loui Eriksson            0  1  1  -1  0   1  2  0  1  1  3/3    18:51   2:22   1:34 
Matthew Spiller          0  0  0  -1  0   2  0  0  1  0  0/0    17:11   2:10   2:21 
Mike Green               0  1  1  -1  0   1  1  0  1  1  0/0    26:01   3:14   0:00 
Nicklas Backstrom        0  1  1  -1  0   1  4  0  1  0  2/9    17:57   2:22   0:44 
Nik Antropov             0  0  0  -1  0   2  3  0  1  0  5/11   14:14   0:00   2:10 
Paul Kariya              0  2  2  -1  4   2  2  1  0  0  0/1    21:32   2:56   0:00 
Taylor Pyatt             0  0  0   0  0   1  1  0  0  0  0/0     9:15   0:06   1:56 
Travis Zajac             0  2  2   0  0   4  2  0  3  0  14/32  20:24   2:56   0:00 
Tyler Arnason            0  0  0   0  0   1  0  0  0  0  1/2     7:49   0:00   0:37 

Players Stats for Senateurs

Player Name              G  A  P  +/- PIM S  H  SB GA TA FO     MP     PP MP  PK MP  
------------------------------------------------------------------------------------
Ales Kotalik             0  0  0   0  2   1  0  0  0  0  0/0     8:07   0:00   0:00 
Andrew Ebbett            0  0  0   1  2   1  2  0  0  2  6/9    12:41   0:00   0:51 
Andy Hilbert             0  0  0   0  0   2  1  1  0  0  0/0     9:22   0:00   1:04 
Andy McDonald            0  1  1   1  0   1  4  2  0  0  1/1    18:10   1:59   1:02 
B.J. Crombeen            0  0  0   1  2   3  0  0  0  0  0/0    11:55   0:00   0:00 
Brandon Dubinsky         0  0  0   0  0   3  2  0  0  0  3/4     8:47   0:00   0:39 
Brenden Morrow           1  0  1   0  0   7  2  1  1  0  5/10   23:38   1:59   3:10 
Carlo Colaiacovo         0  0  0   1  0   0  3  0  0  1  0/0    21:15   1:21   1:56 
Dan Girardi              0  0  0   1  0   0  0  0  0  0  0/0    12:04   0:00   0:00 
Dan Hamhuis              0  0  0   0  0   2  2  0  2  3  0/0    29:48   2:37   3:36 
Darcy Hordichuk          0  0  0   1  0   4  0  0  0  0  0/0    11:21   0:00   0:00 
Daymond Langkow          2  1  3   1  0   3  0  0  2  1  5/9    17:54   1:59   1:02 
Gilbert Brule            0  1  1   0  0   5  1  0  1  1  14/26  23:37   1:59   3:08 
Jean-Pierre Dumont       0  0  0  -1  0   0  0  0  0  0  0/1    18:52   1:59   0:00 
Kurtis Foster            0  0  0   1  0   3  0  0  0  1  0/0    21:15   1:21   1:56 
Todd Bertuzzi            2  0  2   0  0   3  2  2  0  0  1/1    16:15   1:59   0:00 
Vitaly Vishnevsky        0  2  2   0  0   3  2  0  1  2  0/0    29:48   2:37   3:36 
Vladimir Mihalik         0  1  1   1  0   0  3  0  0  1  0/0    12:04   0:00   0:00 

3 Stars

1 - Daymond Langkow (Ott)
2 - Todd Bertuzzi (Ott)
3 - Joe Pavelski (STL)

Power Play

Blues - 1 on 3 Attempt(s) - 33,33%
Senateurs - 0 on 3 Attempt(s) - 0,00%

Penalty Kill

Blues - 3 on 3 Attempt(s) - 100,00% - Score 0 goal in Penalty Kill
Senateurs - 2 on 3 Attempt(s) - 66,67% - Score 1 goal in Penalty Kill

Team Stat

Blues - Hits : 28 - Faceoff Wins : 26 - Blocked Shots : 6 - Penalty Minutes : 6
Senateurs - Hits : 24 - Faceoff Wins : 35 - Blocked Shots : 6 - Penalty Minutes : 6

Official

Referees : Kowal Tom and Peel Tim
Linesman : Brian Murphy and Lonnie Cameron

Game Notes

No Game Note

Finance

Level 1 -- Attendance: 5705 (95,08%) -- Ticket Income 456 400 $
Level 2 -- Attendance: 5000 (100,00%) -- Ticket Income 250 000 $
Level 3 -- Attendance: 1831 (91,55%) -- Ticket Income 54 930 $
Level 4 -- Attendance: 4000 (100,00%) -- Ticket Income 60 000 $
Luxury Box -- Attendance: 923 (92,30%) -- Ticket Income 147 680 $
Game was played at the Place Banque Scotia'
Total Attendance: 17459 (96,99%)
Total Ticket Income: 969 010 $
Other Income: 145 352 $
Total Income: 1 114 362 $

Blues

5 vs 5 Forward 
   Center                   Left Wing                Right Wing               Time % Phy DF OF 
 1 Travis Zajac             Paul Kariya              Joe Pavelski             36     1   2  2  
 2 Nicklas Backstrom        David Perron             Loui Eriksson            32     1   2  2  
 3 Nik Antropov             Andrew Cogliano          Kyle Okposo              22     1   2  2  
 4 Tyler Arnason            Taylor Pyatt             Lee Stempniak            10     1   2  2  

5 vs 5 Defense 
   Defense                  Defense                                           Time % Phy DF OF 
 1 Mike Green               Bryce Lampman                                     40     1   2  2  
 2 Kevin Shattenkirk        Drew Fata                                         30     1   2  2  
 3 Matthew Spiller          Jake Gardiner                                     20     1   2  2  
 4 Mike Green               Kevin Shattenkirk                                 10     1   2  2  

PowerPlay Forward 
   Center                   Left Wing                Right Wing               Time % Phy DF OF 
 1 Travis Zajac             Paul Kariya              Joe Pavelski             60     1   2  2  
 2 Nicklas Backstrom        David Perron             Loui Eriksson            40     1   2  2  

PowerPlay Defense
   Defense                  Defense                                           Time % Phy DF OF 
 1 Mike Green               Jake Gardiner                                     60     1   2  2  
 2 Matthew Spiller          Kevin Shattenkirk                                 40     1   2  2  

Penalty Kill 4 Players Forward 
   Center                   Wing                     Time % Phy DF OF 
 1 Nik Antropov             Taylor Pyatt             60     1   2  2  
 2 Tyler Arnason            Andrew Cogliano          40     1   2  2  

Penalty Kill 4 Players Defense
   Defense                  Defense                  Time % Phy DF OF 
 1 Bryce Lampman            Drew Fata                60     1   2  2  
 2 Matthew Spiller          Jake Gardiner            40     1   2  2  

Penalty Kill - 3 Players Forward 
   Forward                                           Time % Phy DF OF 
 1 Andrew Cogliano                                   60     1   2  2  
 2 Nik Antropov                                      40     1   2  2  

Penalty Kill - 3 Players Defense
   Defense                  Defense                  Time % Phy DF OF 
 1 Drew Fata                Jake Gardiner            60     1   2  2  
 2 Drew Fata                Matthew Spiller          40     1   2  2  

4 vs 4 Forward 
   Center                   Wing                     Time % Phy DF OF 
 1 Nik Antropov             Paul Kariya              60     1   2  2  
 2 Travis Zajac             Joe Pavelski             40     1   2  2  

4 vs 4 Defense
   Defense                  Defense                  Time % Phy DF OF 
 1 Kevin Shattenkirk        Bryce Lampman            60     1   2  2  
 2 Mike Green               Drew Fata                40     1   2  2  

Last Minutes Offensive
   Center                   Left Wing                Right Wing               Defense                  Defense                  
   Nicklas Backstrom        Paul Kariya              Joe Pavelski             Kevin Shattenkirk        Mike Green               

Last Minutes Defensive
   Center                   Left Wing                Right Wing               Defense                  Defense                  
   Nik Antropov             Taylor Pyatt             Joe Pavelski             Bryce Lampman            Drew Fata                

Goaltenders
Starting : Tuukka Rask              
Backup : Adam Munro               

Extra Forwards
Normal : Andrew Cogliano, Taylor Pyatt, Joe Pavelski - PP : Andrew Cogliano, Taylor Pyatt - PK : Loui Eriksson
Extra Defensemen
Normal : Drew Fata, Kevin Shattenkirk, Bryce Lampman - PP : Matthew Spiller - PK : Kevin Shattenkirk, Jake Gardiner
Penalty Shots
David Perron, Mike Green, Joe Pavelski, Andrew Cogliano, Travis Zajac

Senateurs

5 vs 5 Forward 
   Center                   Left Wing                Right Wing               Time % Phy DF OF 
 1 Gilbert Brule            Brenden Morrow           Jean-Pierre Dumont       40     1   2  2  
 2 Daymond Langkow          Andy McDonald            Todd Bertuzzi            30     1   2  2  
 3 Andrew Ebbett            Darcy Hordichuk          B.J. Crombeen            20     1   2  2  
 4 Brandon Dubinsky         Andy Hilbert             Ales Kotalik             10     1   2  2  

5 vs 5 Defense 
   Defense                  Defense                                           Time % Phy DF OF 
 1 Vitaly Vishnevsky        Dan Hamhuis                                       40     1   2  2  
 2 Kurtis Foster            Carlo Colaiacovo                                  30     1   2  2  
 3 Dan Girardi              Vladimir Mihalik                                  20     1   2  2  
 4 Vitaly Vishnevsky        Dan Hamhuis                                       10     1   2  2  

PowerPlay Forward 
   Center                   Left Wing                Right Wing               Time % Phy DF OF 
 1 Gilbert Brule            Brenden Morrow           Jean-Pierre Dumont       60     1   2  2  
 2 Daymond Langkow          Andy McDonald            Todd Bertuzzi            40     1   2  2  

PowerPlay Defense
   Defense                  Defense                                           Time % Phy DF OF 
 1 Vitaly Vishnevsky        Dan Hamhuis                                       60     1   2  2  
 2 Kurtis Foster            Carlo Colaiacovo                                  40     1   2  2  

Penalty Kill 4 Players Forward 
   Center                   Wing                     Time % Phy DF OF 
 1 Brenden Morrow           Gilbert Brule            60     1   2  2  
 2 Daymond Langkow          Andy McDonald            40     1   2  2  

Penalty Kill 4 Players Defense
   Defense                  Defense                  Time % Phy DF OF 
 1 Vitaly Vishnevsky        Dan Hamhuis              60     1   2  2  
 2 Kurtis Foster            Carlo Colaiacovo         40     1   2  2  

Penalty Kill - 3 Players Forward 
   Forward                                           Time % Phy DF OF 
 1 Brenden Morrow                                    60     1   2  2  
 2 Gilbert Brule                                     40     1   2  2  

Penalty Kill - 3 Players Defense
   Defense                  Defense                  Time % Phy DF OF 
 1 Vitaly Vishnevsky        Dan Hamhuis              60     1   2  2  
 2 Kurtis Foster            Carlo Colaiacovo         40     1   2  2  

4 vs 4 Forward 
   Center                   Wing                     Time % Phy DF OF 
 1 Brenden Morrow           Gilbert Brule            60     1   2  2  
 2 Daymond Langkow          Andy McDonald            40     1   2  2  

4 vs 4 Defense
   Defense                  Defense                  Time % Phy DF OF 
 1 Vitaly Vishnevsky        Dan Hamhuis              60     1   2  2  
 2 Kurtis Foster            Carlo Colaiacovo         40     1   2  2  

Last Minutes Offensive
   Center                   Left Wing                Right Wing               Defense                  Defense                  
   Gilbert Brule            Brenden Morrow           Jean-Pierre Dumont       Vitaly Vishnevsky        Dan Hamhuis              

Last Minutes Defensive
   Center                   Left Wing                Right Wing               Defense                  Defense                  
   Gilbert Brule            Brenden Morrow           Jean-Pierre Dumont       Vitaly Vishnevsky        Dan Hamhuis              

Goaltenders
Starting : Ondrej Pavelec           
Backup : Marty Turco              

Extra Forwards
Normal : Andy McDonald, B.J. Crombeen, Andrew Ebbett - PP : Andy McDonald, B.J. Crombeen - PK : Andrew Ebbett
Extra Defensemen
Normal : Dan Girardi, Vladimir Mihalik, Kurtis Foster - PP : Dan Girardi - PK : Vladimir Mihalik, Kurtis Foster
Penalty Shots
Brenden Morrow, Gilbert Brule, Daymond Langkow, Darcy Hordichuk, Jean-Pierre Dumont

% Time on Ice - Blues

Lines # - Real PCT - Wanted PCT - Time Play
Normal Forward
1 - 35% - 36% - 17:33
2 - 29% - 32% - 14:51
3 - 22% - 22% - 11:02
4 - 14% - 10% - 7:12
Normal Defense
1 - 40% - 40% - 20:10
2 - 29% - 30% - 14:43
3 - 25% - 20% - 12:30
4 - 6% - 10% - 3:15
PP Forward
1 - 56% - 60% - 3:02
2 - 44% - 40% - 2:22
PP Defense
1 - 60% - 60% - 3:14
2 - 40% - 40% - 2:10
PK Forward
1 - 84% - 60% - 3:21
2 - 16% - 40% - 0:37
PK Defense
1 - 67% - 60% - 2:39
2 - 33% - 40% - 1:19
PK3 Forward
1 - 87% - 60% - 1:44
2 - 13% - 40% - 0:15
PK3 Defense
1 - 71% - 60% - 1:24
2 - 29% - 40% - 0:35
44 Forward
1 - 100% - 60% - 1:08
2 - 0% - 40% - 0:00
44 Defense
1 - 88% - 60% - 1:00
2 - 12% - 40% - 0:08
Last Minute Offensive  - 0:00
Last Minute Defensive  - 0:00
Total
Forward - 63:07
Defense - 63:07

% Time on Ice - Senateurs

Lines # - Real PCT - Wanted PCT - Time Play
Normal Forward
1 - 33% - 40% - 16:53
2 - 28% - 30% - 14:16
3 - 22% - 20% - 11:21
4 - 16% - 10% - 8:08
Normal Defense
1 - 37% - 40% - 18:37
2 - 33% - 30% - 16:47
3 - 24% - 20% - 12:04
4 - 6% - 10% - 3:10
PP Forward
1 - 50% - 60% - 1:59
2 - 50% - 40% - 1:59
PP Defense
1 - 66% - 60% - 2:37
2 - 34% - 40% - 1:21
PK Forward
1 - 81% - 60% - 4:22
2 - 19% - 40% - 1:02
PK Defense
1 - 64% - 60% - 3:28
2 - 36% - 40% - 1:56
PK3 Forward
1 - 100% - 60% - 0:08
2 - 0% - 40% - 0:00
PK3 Defense
1 - 100% - 60% - 0:08
2 - 0% - 40% - 0:00
44 Forward
1 - 79% - 60% - 2:22
2 - 21% - 40% - 0:37
44 Defense
1 - 60% - 60% - 1:48
2 - 40% - 40% - 1:11
Last Minute Offensive  - 0:00
Last Minute Defensive  - 0:00
Total
Forward - 63:07
Defense - 63:07

Play by Play

1st period


0:01 of 1st period - Travis Zajac wins face-off versus Gilbert Brule in neutral zone.
0:04 of 1st period - Slapshot by Mike Green.
0:04 of 1st period - Stopped by Ondrej Pavelec without a rebound.
0:05 of 1st period - Gilbert Brule wins face-off versus Travis Zajac in Senateurs zone.
0:05 of 1st period - Gilbert Brule is hit by Joe Pavelski.
0:56 of 1st period - Snap shot by Darcy Hordichuk.
0:56 of 1st period - Stopped by Tuukka Rask with a rebound.
1:14 of 1st period - Slapshot by Ales Kotalik.
1:14 of 1st period - Shot Misses the Net.
1:16 of 1st period - Slapshot by Carlo Colaiacovo.
1:16 of 1st period - Shot Misses the Net.
1:18 of 1st period - Snap shot by Andy Hilbert.
1:18 of 1st period - Stopped by Tuukka Rask with a rebound.
1:34 of 1st period - Kurtis Foster is hit by Taylor Pyatt and loses puck.
2:16 of 1st period - Dan Girardi is hit by Nicklas Backstrom and loses puck.
2:25 of 1st period - Snap shot by David Perron.
2:25 of 1st period - Shot Blocked by Todd Bertuzzi.
3:07 of 1st period - Snap shot by Taylor Pyatt.
3:07 of 1st period - Shot Misses the Net.
3:09 of 1st period - Slapshot by Jake Gardiner.
3:09 of 1st period - Stopped by Ondrej Pavelec with a rebound.
3:11 of 1st period - Wrist shot by Tyler Arnason.
3:11 of 1st period - Stopped by Ondrej Pavelec without a rebound.
3:12 of 1st period - Travis Zajac wins face-off versus Gilbert Brule in Senateurs zone.
3:23 of 1st period - Wrist shot by Brenden Morrow.
3:23 of 1st period - Stopped by Tuukka Rask without a rebound.
3:24 of 1st period - Loui Eriksson wins face-off versus Daymond Langkow in Blues zone.
4:32 of 1st period - Snap shot by Andrew Ebbett.
4:32 of 1st period - Stopped by Tuukka Rask with a rebound.
4:38 of 1st period - Kurtis Foster is hit by Jake Gardiner and loses puck.
4:57 of 1st period - Wrist shot by Gilbert Brule.
4:57 of 1st period - Shot Misses the Net.
5:19 of 1st period - Snap shot by Joe Pavelski.
5:19 of 1st period - Stopped by Ondrej Pavelec without a rebound.
5:20 of 1st period - Travis Zajac wins face-off versus Daymond Langkow in Senateurs zone.
5:21 of 1st period - Slapshot by Joe Pavelski.
5:21 of 1st period - Deflect By Paul Kariya.
5:21 of 1st period - Shot Misses the Net.
5:21 of 1st period - Puck is out of play.
5:22 of 1st period - Daymond Langkow wins face-off versus Travis Zajac in Senateurs zone.
5:47 of 1st period - Mike Green is hit by Todd Bertuzzi and loses puck.
5:58 of 1st period - Wrist shot by Travis Zajac.
5:58 of 1st period - Stopped by Ondrej Pavelec without a rebound.
5:59 of 1st period - Gilbert Brule wins face-off versus Nicklas Backstrom in Senateurs zone.
6:24 of 1st period - Andrew Ebbett is hit by Nik Antropov and loses puck.
6:51 of 1st period - Wrist shot by Brandon Dubinsky.
6:51 of 1st period - Shot Blocked by Kevin Shattenkirk.
7:03 of 1st period - Slapshot by Travis Zajac.
7:03 of 1st period - Stopped by Ondrej Pavelec with a rebound.
7:30 of 1st period - Slapshot by Brenden Morrow.
7:30 of 1st period - Stopped by Tuukka Rask with a rebound.
7:54 of 1st period - Snap shot by Darcy Hordichuk.
7:54 of 1st period - Stopped by Tuukka Rask with a rebound.
7:56 of 1st period - Slapshot by Kurtis Foster.
7:56 of 1st period - Stopped by Tuukka Rask without a rebound.
7:57 of 1st period - Daymond Langkow wins face-off versus Travis Zajac in Blues zone.
7:58 of 1st period - Wrist shot by Todd Bertuzzi.
7:58 of 1st period - Shot Misses the Net.
8:04 of 1st period - Wrist shot by Travis Zajac.
8:04 of 1st period - Shot Blocked by Andy McDonald.
8:06 of 1st period - Slapshot by Travis Zajac.
8:06 of 1st period - Shot Misses the Net.
8:08 of 1st period - Snap shot by Joe Pavelski.
8:08 of 1st period - Shot Misses the Net.
8:46 of 1st period - Snap shot by B.J. Crombeen.
8:46 of 1st period - Stopped by Tuukka Rask without a rebound.
8:47 of 1st period - Andrew Ebbett wins face-off versus Nik Antropov in Blues zone.
9:12 of 1st period - Andrew Ebbett is hit by Drew Fata and loses puck.
9:29 of 1st period - Kevin Shattenkirk is hit by Vitaly Vishnevsky and loses puck.
9:51 of 1st period - Wrist shot by Darcy Hordichuk.
9:51 of 1st period - Stopped by Tuukka Rask with a rebound.
9:53 of 1st period - Slapshot by Vitaly Vishnevsky.
9:53 of 1st period - Shot Misses the Net.
9:55 of 1st period - Slapshot by Vitaly Vishnevsky.
9:55 of 1st period - Stopped by Tuukka Rask with a rebound.
9:57 of 1st period - Slapshot by Vitaly Vishnevsky.
9:57 of 1st period - Stopped by Tuukka Rask with a rebound.
9:59 of 1st period - Snap shot by Darcy Hordichuk.
9:59 of 1st period - Shot Misses the Net.
10:01 of 1st period - Wrist shot by Darcy Hordichuk.
10:01 of 1st period - Shot Misses the Net.
10:03 of 1st period - Snap shot by Darcy Hordichuk.
10:03 of 1st period - Stopped by Tuukka Rask without a rebound.
10:04 of 1st period - Gilbert Brule wins face-off versus Travis Zajac in Blues zone.
10:29 of 1st period - Vladimir Mihalik is hit by Kyle Okposo and loses puck.
10:50 of 1st period - Snap shot by Ales Kotalik.
10:50 of 1st period - Stopped by Tuukka Rask with a rebound.
10:52 of 1st period - Slapshot by Vladimir Mihalik.
10:52 of 1st period - Shot Misses the Net.
10:54 of 1st period - Backhand shot by Vladimir Mihalik.
10:54 of 1st period - Deflect By Brandon Dubinsky.
10:54 of 1st period - Stopped by Tuukka Rask without a rebound.
10:55 of 1st period - Gilbert Brule wins face-off versus Travis Zajac in Blues zone.
10:58 of 1st period - Snap shot by Gilbert Brule.
10:58 of 1st period - Deflect By Brenden Morrow.
10:58 of 1st period - Shot Misses the Net.
10:58 of 1st period - Puck is out of play.
10:59 of 1st period - Gilbert Brule wins face-off versus Travis Zajac in Blues zone.
11:28 of 1st period - Daymond Langkow is hit by Nicklas Backstrom and loses puck.
12:56 of 1st period - Snap shot by Andy McDonald.
12:56 of 1st period - Shot Blocked by Kevin Shattenkirk.
13:08 of 1st period - Slapshot by Nik Antropov.
13:08 of 1st period - Shot Misses the Net.
13:34 of 1st period - Snap shot by B.J. Crombeen.
13:34 of 1st period - Stopped by Tuukka Rask without a rebound.
13:35 of 1st period - Travis Zajac wins face-off versus Gilbert Brule in Blues zone.
13:52 of 1st period - Jean-Pierre Dumont is hit by Paul Kariya and loses puck.
15:32 of 1st period - Icing by Dan Hamhuis.
15:33 of 1st period - Brandon Dubinsky wins face-off versus Travis Zajac in Senateurs zone.
15:33 of 1st period - Brandon Dubinsky is hit by Joe Pavelski.
15:52 of 1st period - Off-side.
15:53 of 1st period - Loui Eriksson wins face-off versus Gilbert Brule in neutral zone.
16:02 of 1st period - Slapshot by Loui Eriksson.
16:02 of 1st period - Stopped by Ondrej Pavelec with a rebound.
16:08 of 1st period - Slapshot by Gilbert Brule.
16:08 of 1st period - Stopped by Tuukka Rask with a rebound.
16:24 of 1st period - Off-side.
16:25 of 1st period - Gilbert Brule wins face-off versus Travis Zajac in neutral zone.
17:14 of 1st period - Snap shot by Daymond Langkow.
17:14 of 1st period - Goal by Daymond Langkow - Blues : 0 - Senateurs : 1.
17:15 of 1st period - Gilbert Brule wins face-off versus Travis Zajac in neutral zone.
17:18 of 1st period - Snap shot by Brenden Morrow.
17:18 of 1st period - Shot Misses the Net.
17:20 of 1st period - Wrist shot by Brenden Morrow.
17:20 of 1st period - Shot Misses the Net.
17:22 of 1st period - Snap shot by Gilbert Brule.
17:22 of 1st period - Shot Blocked by Paul Kariya.
17:24 of 1st period - Snap shot by Gilbert Brule.
17:24 of 1st period - Stopped by Tuukka Rask without a rebound.
17:25 of 1st period - Travis Zajac wins face-off versus Gilbert Brule in Blues zone.
17:46 of 1st period - Snap shot by Gilbert Brule.
17:46 of 1st period - Stopped by Tuukka Rask with a rebound.
17:48 of 1st period - Wrist shot by Jean-Pierre Dumont.
17:48 of 1st period - Shot Misses the Net.
17:50 of 1st period - Slapshot by Kurtis Foster.
17:50 of 1st period - Stopped by Tuukka Rask without a rebound.
17:51 of 1st period - Todd Bertuzzi wins face-off versus Nicklas Backstrom in Blues zone.
18:18 of 1st period - Dan Hamhuis is hit by Andrew Cogliano and loses puck.
19:33 of 1st period - Icing by Vitaly Vishnevsky.
19:34 of 1st period - Travis Zajac wins face-off versus Daymond Langkow in Senateurs zone.
19:35 of 1st period - Snap shot by Joe Pavelski.
19:35 of 1st period - Stopped by Ondrej Pavelec without a rebound.
19:36 of 1st period - Travis Zajac wins face-off versus Gilbert Brule in Senateurs zone.
19:41 of 1st period - Snap shot by Paul Kariya.
19:41 of 1st period - Stopped by Ondrej Pavelec without a rebound.
19:42 of 1st period - Gilbert Brule wins face-off versus Paul Kariya in Senateurs zone.
Goals for this period are 0 for Blues vs 1 for Senateurs.
Shots for this period are 9 for Blues vs 20 for Senateurs.

2nd period


0:01 of 2nd period - Gilbert Brule wins face-off versus Nicklas Backstrom in neutral zone.
0:35 of 2nd period - Wrist shot by Paul Kariya.
0:35 of 2nd period - Shot Blocked by Todd Bertuzzi.
0:49 of 2nd period - Icing by Andrew Cogliano.
0:50 of 2nd period - Nik Antropov wins face-off versus Jean-Pierre Dumont in Blues zone.
0:50 of 2nd period - Nik Antropov is hit by Carlo Colaiacovo.
1:27 of 2nd period - Snap shot by Nicklas Backstrom.
1:27 of 2nd period - Stopped by Ondrej Pavelec with a rebound.
1:41 of 2nd period - Paul Kariya is hit by Andy McDonald and loses puck.
1:46 of 2nd period - Snap shot by Andy McDonald.
1:46 of 2nd period - Shot Misses the Net.
2:32 of 2nd period - Slapshot by Vitaly Vishnevsky.
2:32 of 2nd period - Stopped by Tuukka Rask with a rebound.
2:34 of 2nd period - Wrist shot by Brandon Dubinsky.
2:34 of 2nd period - Stopped by Tuukka Rask without a rebound.
2:35 of 2nd period - Andy McDonald wins face-off versus Nicklas Backstrom in Blues zone.
2:36 of 2nd period - Snap shot by Todd Bertuzzi.
2:36 of 2nd period - Stopped by Tuukka Rask with a rebound.
3:24 of 2nd period - Gilbert Brule is hit by Kyle Okposo and loses puck.
4:07 of 2nd period - Off-side.
4:08 of 2nd period - Daymond Langkow wins face-off versus Tyler Arnason in neutral zone.
4:24 of 2nd period - Wrist shot by Tyler Arnason.
4:24 of 2nd period - Shot Blocked by Andy McDonald.
4:34 of 2nd period - Snap shot by Nik Antropov.
4:34 of 2nd period - Stopped by Ondrej Pavelec with a rebound.
4:48 of 2nd period - Daymond Langkow is hit by Nik Antropov and loses puck.
4:55 of 2nd period - Bryce Lampman is hit by Andy McDonald.
4:59 of 2nd period - Slapshot by Mike Green.
4:59 of 2nd period - Deflect By Andrew Cogliano.
4:59 of 2nd period - Goal by Andrew Cogliano - Blues : 1 - Senateurs : 1.
5:00 of 2nd period - Travis Zajac wins face-off versus Gilbert Brule in neutral zone.
5:48 of 2nd period - Snap shot by Daymond Langkow.
5:48 of 2nd period - Stopped by Tuukka Rask with a rebound.
5:50 of 2nd period - Slapshot by Dan Hamhuis.
5:50 of 2nd period - Shot Misses the Net.
6:43 of 2nd period - Jean-Pierre Dumont is hit by Travis Zajac and loses puck.
8:22 of 2nd period - Snap shot by Taylor Pyatt.
8:22 of 2nd period - Shot Hit the Post.
8:45 of 2nd period - Kyle Okposo is hit by Andy Hilbert and loses puck.
9:12 of 2nd period - Drew Fata is hit by Andy McDonald and loses puck.
9:40 of 2nd period - Brenden Morrow is hit by Drew Fata and loses puck.
9:49 of 2nd period - Slapshot by Travis Zajac.
9:49 of 2nd period - Stopped by Ondrej Pavelec with a rebound.
10:07 of 2nd period - Vladimir Mihalik is hit by Travis Zajac.
10:18 of 2nd period - Jean-Pierre Dumont is hit by Paul Kariya and loses puck.
10:48 of 2nd period - Travis Zajac is hit by Dan Hamhuis and loses puck.
11:03 of 2nd period - Wrist shot by Travis Zajac.
11:03 of 2nd period - Stopped by Ondrej Pavelec with a rebound.
11:05 of 2nd period - Slapshot by Joe Pavelski.
11:05 of 2nd period - Goal by Joe Pavelski - Blues : 2 - Senateurs : 1.
11:06 of 2nd period - Daymond Langkow wins face-off versus Nicklas Backstrom in neutral zone.
11:48 of 2nd period - Wrist shot by David Perron.
11:48 of 2nd period - Goal by David Perron - Blues : 3 - Senateurs : 1.
11:49 of 2nd period - Andrew Ebbett wins face-off versus Nik Antropov in neutral zone.
11:52 of 2nd period - Wrist shot by Darcy Hordichuk.
11:52 of 2nd period - Shot Misses the Net.
11:54 of 2nd period - Snap shot by Darcy Hordichuk.
11:54 of 2nd period - Shot Misses the Net.
12:11 of 2nd period - Icing by Carlo Colaiacovo.
12:12 of 2nd period - Tyler Arnason wins face-off versus Brandon Dubinsky in Senateurs zone.
12:52 of 2nd period - Slapshot by Lee Stempniak.
12:52 of 2nd period - Stopped by Ondrej Pavelec with a rebound.
12:54 of 2nd period - Snap shot by Taylor Pyatt.
12:54 of 2nd period - Shot Misses the Net.
13:12 of 2nd period - Snap shot by David Perron.
13:12 of 2nd period - Shot Blocked by Brenden Morrow.
13:19 of 2nd period - Off-side.
13:20 of 2nd period - Travis Zajac wins face-off versus Andrew Ebbett in neutral zone.
13:34 of 2nd period - Icing by B.J. Crombeen.
13:35 of 2nd period - Andrew Ebbett wins face-off versus Nicklas Backstrom in Senateurs zone.
14:03 of 2nd period - Snap shot by Gilbert Brule.
14:03 of 2nd period - Stopped by Tuukka Rask with a rebound.
14:05 of 2nd period - Minor Penalty to Paul Kariya for Interference.
14:06 of 2nd period - Nik Antropov wins face-off versus Gilbert Brule in Blues zone.
14:11 of 2nd period - Vitaly Vishnevsky is hit by Drew Fata and loses puck.
14:22 of 2nd period - Snap shot by Gilbert Brule.
14:22 of 2nd period - Stopped by Tuukka Rask with a rebound.
14:32 of 2nd period - Bryce Lampman is hit by Todd Bertuzzi and loses puck.
14:43 of 2nd period - Snap shot by Andy McDonald.
14:43 of 2nd period - Shot Blocked by Andrew Cogliano.
15:52 of 2nd period - Brenden Morrow is hit by Nicklas Backstrom.
16:05 of 2nd period - Penalty to Paul Kariya is over, Paul Kariya is back on ice.
16:16 of 2nd period - Snap shot by B.J. Crombeen.
16:16 of 2nd period - Shot Misses the Net.
16:41 of 2nd period - Slapshot by David Perron.
16:41 of 2nd period - Stopped by Ondrej Pavelec with a rebound.
16:43 of 2nd period - Snap shot by Nicklas Backstrom.
16:43 of 2nd period - Shot Blocked by Andy Hilbert.
17:09 of 2nd period - Wrist shot by Mike Green.
17:09 of 2nd period - Shot Misses the Net.
17:36 of 2nd period - Andy McDonald is hit by Nicklas Backstrom and loses puck.
17:49 of 2nd period - Vitaly Vishnevsky is hit by Mike Green and loses puck.
18:09 of 2nd period - Tyler Arnason is hit by Vitaly Vishnevsky and loses puck.
18:50 of 2nd period - Minor Penalty to Ales Kotalik for Roughing.
18:51 of 2nd period - Travis Zajac wins face-off versus Brenden Morrow in Senateurs zone.
19:18 of 2nd period - Mike Green is hit by Brenden Morrow and loses puck.
Goals for this period are 3 for Blues vs 0 for Senateurs.
Shots for this period are 9 for Blues vs 6 for Senateurs.

3rd period


0:01 of 3rd period - Brenden Morrow wins face-off versus Travis Zajac in neutral zone.
0:04 of 3rd period - Slapshot by Brenden Morrow.
0:04 of 3rd period - Goal by Brenden Morrow - Blues : 3 - Senateurs : 2.
0:05 of 3rd period - Travis Zajac wins face-off versus Brenden Morrow in neutral zone.
0:10 of 3rd period - Slapshot by Joe Pavelski.
0:10 of 3rd period - Stopped by Ondrej Pavelec without a rebound.
0:11 of 3rd period - Travis Zajac wins face-off versus Brenden Morrow in Senateurs zone.
0:22 of 3rd period - Wrist shot by Paul Kariya.
0:22 of 3rd period - Stopped by Ondrej Pavelec with a rebound.
0:24 of 3rd period - Wrist shot by Jake Gardiner.
0:24 of 3rd period - Goal by Jake Gardiner - Blues : 4 - Senateurs : 2.
0:25 of 3rd period - Gilbert Brule wins face-off versus Nicklas Backstrom in neutral zone.
0:30 of 3rd period - Backhand shot by Brenden Morrow.
0:30 of 3rd period - Stopped by Tuukka Rask with a rebound.
1:26 of 3rd period - Wrist shot by Taylor Pyatt.
1:26 of 3rd period - Stopped by Ondrej Pavelec with a rebound.
1:44 of 3rd period - Slapshot by Kevin Shattenkirk.
1:44 of 3rd period - Shot Misses the Net.
1:46 of 3rd period - Slapshot by Andrew Cogliano.
1:46 of 3rd period - Shot Hit the Post.
1:56 of 3rd period - Dan Hamhuis is hit by Loui Eriksson and loses puck.
2:19 of 3rd period - Icing by Andy Hilbert.
2:20 of 3rd period - Brandon Dubinsky wins face-off versus Travis Zajac in Senateurs zone.
2:33 of 3rd period - Bryce Lampman is hit by Vladimir Mihalik.
2:44 of 3rd period - Travis Zajac is hit by Vladimir Mihalik and loses puck.
2:49 of 3rd period - Wrist shot by Brandon Dubinsky.
2:49 of 3rd period - Stopped by Tuukka Rask without a rebound.
2:50 of 3rd period - Loui Eriksson wins face-off versus Brenden Morrow in Blues zone.
2:50 of 3rd period - Loui Eriksson is hit by Carlo Colaiacovo.
3:16 of 3rd period - Andy McDonald is hit by Nik Antropov and loses puck.
3:25 of 3rd period - Snap shot by Nik Antropov.
3:25 of 3rd period - Stopped by Ondrej Pavelec without a rebound.
3:26 of 3rd period - Gilbert Brule wins face-off versus Joe Pavelski in Senateurs zone.
3:51 of 3rd period - Loui Eriksson is hit by Vladimir Mihalik and loses puck.
4:13 of 3rd period - Icing by Drew Fata.
4:14 of 3rd period - Nik Antropov wins face-off versus Andrew Ebbett in Blues zone.
5:04 of 3rd period - Wrist shot by Andy Hilbert.
5:04 of 3rd period - Stopped by Tuukka Rask with a rebound.
5:22 of 3rd period - Snap shot by Andy McDonald.
5:22 of 3rd period - Stopped by Tuukka Rask with a rebound.
5:24 of 3rd period - Wrist shot by Todd Bertuzzi.
5:24 of 3rd period - Shot Misses the Net.
5:26 of 3rd period - Slapshot by Kurtis Foster.
5:26 of 3rd period - Stopped by Tuukka Rask without a rebound.
5:27 of 3rd period - Nicklas Backstrom wins face-off versus Daymond Langkow in Blues zone.
5:34 of 3rd period - Wrist shot by Daymond Langkow.
5:34 of 3rd period - Deflect By Todd Bertuzzi.
5:34 of 3rd period - Goal by Todd Bertuzzi - Blues : 4 - Senateurs : 3.
5:35 of 3rd period - Travis Zajac wins face-off versus Gilbert Brule in neutral zone.
5:42 of 3rd period - Wrist shot by Paul Kariya.
5:42 of 3rd period - Shot Misses the Net.
5:51 of 3rd period - Slapshot by Dan Hamhuis.
5:51 of 3rd period - Stopped by Tuukka Rask with a rebound.
6:23 of 3rd period - Drew Fata is hit by Andrew Ebbett and loses puck.
6:44 of 3rd period - Ales Kotalik is hit by Kevin Shattenkirk and loses puck.
6:55 of 3rd period - Taylor Pyatt is hit by Brandon Dubinsky and loses puck.
7:11 of 3rd period - Kevin Shattenkirk is hit by Dan Hamhuis and loses puck.
7:37 of 3rd period - Off-side.
7:38 of 3rd period - Gilbert Brule wins face-off versus Travis Zajac in neutral zone.
7:45 of 3rd period - Snap shot by Brenden Morrow.
7:45 of 3rd period - Stopped by Tuukka Rask with a rebound.
8:23 of 3rd period - Minor Penalty to Andrew Ebbett for Holding.
8:24 of 3rd period - Brenden Morrow wins face-off versus Travis Zajac in Senateurs zone.
10:23 of 3rd period - Penalty to Andrew Ebbett is over, Andrew Ebbett is back on ice.
10:31 of 3rd period - Icing by Daymond Langkow.
10:32 of 3rd period - Daymond Langkow wins face-off versus Nik Antropov in Senateurs zone.
10:43 of 3rd period - Wrist shot by Daymond Langkow.
10:43 of 3rd period - Deflect By Todd Bertuzzi.
10:43 of 3rd period - Shot Misses the Net.
10:43 of 3rd period - Puck is out of play.
10:44 of 3rd period - Nicklas Backstrom wins face-off versus Gilbert Brule in Blues zone.
10:44 of 3rd period - Nicklas Backstrom is hit by Gilbert Brule.
10:47 of 3rd period - Minor Penalty to Bryce Lampman for Holding.
10:48 of 3rd period - Nik Antropov wins face-off versus Gilbert Brule in Blues zone.
10:58 of 3rd period - Snap shot by Brenden Morrow.
10:58 of 3rd period - Stopped by Tuukka Rask with a rebound.
11:00 of 3rd period - Slapshot by Vitaly Vishnevsky.
11:00 of 3rd period - Shot Blocked by Kevin Shattenkirk.
11:02 of 3rd period - Wrist shot by Brenden Morrow.
11:02 of 3rd period - Stopped by Tuukka Rask with a rebound.
12:47 of 3rd period - Penalty to Bryce Lampman is over, Bryce Lampman is back on ice.
13:02 of 3rd period - Snap shot by Travis Zajac.
13:02 of 3rd period - Shot Misses the Net.
13:04 of 3rd period - Slapshot by Joe Pavelski.
13:04 of 3rd period - Shot Misses the Net.
13:14 of 3rd period - Snap shot by Brandon Dubinsky.
13:14 of 3rd period - Shot Blocked by Bryce Lampman.
13:45 of 3rd period - Off-side.
13:46 of 3rd period - Brandon Dubinsky wins face-off versus Travis Zajac in neutral zone.
13:53 of 3rd period - Joe Pavelski is hit by Brandon Dubinsky and loses puck.
13:57 of 3rd period - Icing by Joe Pavelski.
13:58 of 3rd period - Travis Zajac wins face-off versus Gilbert Brule in Blues zone.
14:10 of 3rd period - Wrist shot by Paul Kariya.
14:10 of 3rd period - Shot Misses the Net.
14:28 of 3rd period - Snap shot by Todd Bertuzzi.
14:28 of 3rd period - Goal by Todd Bertuzzi - Blues : 4 - Senateurs : 4.
14:29 of 3rd period - Gilbert Brule wins face-off versus Travis Zajac in neutral zone.
15:25 of 3rd period - Snap shot by Andrew Cogliano.
15:25 of 3rd period - Shot Misses the Net.
15:27 of 3rd period - Snap shot by Kyle Okposo.
15:27 of 3rd period - Shot Misses the Net.
17:02 of 3rd period - Snap shot by Andrew Cogliano.
17:02 of 3rd period - Stopped by Ondrej Pavelec with a rebound.
17:04 of 3rd period - Slapshot by Matthew Spiller.
17:04 of 3rd period - Stopped by Ondrej Pavelec without a rebound.
17:05 of 3rd period - Gilbert Brule wins face-off versus Nik Antropov in Senateurs zone.
17:20 of 3rd period - Andrew Cogliano is hit by Brenden Morrow and loses puck.
17:32 of 3rd period - Off-side.
17:33 of 3rd period - Andrew Ebbett wins face-off versus Joe Pavelski in neutral zone.
17:35 of 3rd period - Off-side.
17:36 of 3rd period - Andrew Ebbett wins face-off versus Travis Zajac in neutral zone.
17:46 of 3rd period - Icing by Joe Pavelski.
17:47 of 3rd period - Andrew Ebbett wins face-off versus Travis Zajac in Blues zone.
17:48 of 3rd period - Slapshot by B.J. Crombeen.
17:48 of 3rd period - Stopped by Tuukka Rask with a rebound.
17:50 of 3rd period - Slapshot by Dan Hamhuis.
17:50 of 3rd period - Stopped by Tuukka Rask without a rebound.
17:51 of 3rd period - Nik Antropov wins face-off versus Andrew Ebbett in Blues zone.
17:51 of 3rd period - Nik Antropov is hit by Andrew Ebbett.
18:08 of 3rd period - Minor Penalty to B.J. Crombeen for Hooking.
18:09 of 3rd period - Brenden Morrow wins face-off versus Travis Zajac in Senateurs zone.
18:19 of 3rd period - Dan Hamhuis is hit by Joe Pavelski and loses puck.
19:36 of 3rd period - Carlo Colaiacovo is hit by David Perron and loses puck.
Goals for this period are 1 for Blues vs 3 for Senateurs.
Shots for this period are 7 for Blues vs 14 for Senateurs.

Overtime #1


0:01 of 1st overtime period - Brenden Morrow wins face-off versus Nik Antropov in neutral zone.
0:08 of 1st overtime period - Penalty to B.J. Crombeen is over, B.J. Crombeen is back on ice.
0:15 of 1st overtime period - Wrist shot by Bryce Lampman.
0:15 of 1st overtime period - Stopped by Ondrej Pavelec with a rebound.
0:27 of 1st overtime period - Minor Penalty to Paul Kariya for High sticking.
0:28 of 1st overtime period - Andrew Cogliano wins face-off versus Brenden Morrow in Blues zone.
1:19 of 1st overtime period - Andy McDonald is hit by Drew Fata and loses puck.
1:28 of 1st overtime period - Andy McDonald is hit by Loui Eriksson and loses puck.
1:49 of 1st overtime period - Andrew Cogliano is hit by Carlo Colaiacovo and loses puck.
2:27 of 1st overtime period - Penalty to Paul Kariya is over, Paul Kariya is back on ice.
2:34 of 1st overtime period - Slapshot by Matthew Spiller.
2:34 of 1st overtime period - Stopped by Ondrej Pavelec without a rebound.
2:35 of 1st overtime period - Brenden Morrow wins face-off versus Nik Antropov in Senateurs zone.
2:42 of 1st overtime period - Slapshot by Nik Antropov.
2:42 of 1st overtime period - Shot Misses the Net.
3:00 of 1st overtime period - Nik Antropov is hit by Andy McDonald and loses puck.
3:07 of 1st overtime period - Snap shot by Daymond Langkow.
3:07 of 1st overtime period - Goal by Daymond Langkow - Blues : 4 - Senateurs : 5.
Goals for this period are 0 for Blues vs 1 for Senateurs.
Shots for this period are 2 for Blues vs 1 for Senateurs.


Output by the SimonT Hockey Simulator (STHS) for François Prévost -- Original Page W3C XHTML 1.0 Valid
Hockey Simulator - Hockey Simulation - Hockey Manager